AoeStats
← KnightsTemplar

MegaRandom

510780844Analyzed
2v2 RM · 12h ago on Oct 2, 2026· 38m 22s· 4 players
Game mode
Random Map
Map size
Medium (4 player)
Population
200
Speed
Normal
Resources
Standard
Victory
Conquest
Starting age
Dark Age
Ending age
Imperial Age
RankedLock teamsTeams togetherTeam positionsShared explorationLock speedFull tech treeHidden civsTurbo modeCheats
Victory
Defeat
🇬🇧 Huns · United Kingdom
601
+17
🇮🇳 Dravidians · India
505
+20
🇫🇷 Inca · France
616
-19
🇫🇷 Varangians · France
604
-18
KnightsTemplar
10:13 Loom
12:59 Feudal Age
13:40 Double-Bit Axe
14:18 Fishing Lines
18:54 Horse Collar
19:15 Gold Mining
22:19 Castle Age
22:05 Bloodlines
22:04 Arson
22:29 Scale Barding Armor
22:36 Forging
22:30 Stone Mining
23:44 Chain Barding Armor
23:33 Husbandry
22:55 Light Cavalry
25:01 Heavy Plow
27:22 Iron Casting
29:33 Town Watch
31:38 Fletching
31:49 Padded Archer Armor
31:50 Scale Mail Armor
34:08 Wheelbarrow
33:33 Town Patrol
34:47 Marauders
36:08 Gold Shaft Mining
37:12 Bodkin Arrow
37:34 Leather Archer Armor
37:34 Chain Mail Armor
tHeArsH
0:34 Loom
17:00 Feudal Age
18:25 Wheelbarrow
17:37 Double-Bit Axe
17:33 Horse Collar
18:39 Fishing Lines
20:33 Man-at-Arms
23:08 Gold Mining
23:33 Arson
28:38 Castle Age
29:35 Hand Cart
29:22 Stone Mining
29:44 Bow Saw
29:36 Heavy Plow
30:24 Gillnets
30:50 Thumb Ring
36:49 Long Swordsman
36:49 Pikeman
38:42 Medium Warships
41:10 Imperial Age
Sayuri
1:11 Loom
13:39 Feudal Age
14:15 Town Watch
15:34 Double-Bit Axe
16:41 Horse Collar
17:21 Arson
16:57 Man-at-Arms
18:22 Wheelbarrow
21:52 Bloodlines
23:43 Scale Mail Armor
23:54 Forging
23:50 Scale Barding Armor
23:46 Padded Archer Armor
24:52 Gold Mining
24:52 Stone Mining
29:45 Castle Age
28:05 Fishing Lines
30:16 Pikeman
30:57 Squires
30:42 Gambesons
30:18 Long Swordsman
30:30 Light Cavalry
31:11 Husbandry
32:00 Leather Archer Armor
31:36 Fletching
32:21 Iron Casting
32:27 Coinage
32:00 Heavy Plow
32:16 Bow Saw
33:55 Elite Skirmisher
33:56 Crossbowman
35:03 Hand Cart
36:03 Chain Mail Armor
35:46 Bodkin Arrow
35:55 Gillnets
SmurfGrognon
7:21 Loom
12:59 Feudal Age
13:37 Double-Bit Axe
14:41 Wheelbarrow
18:16 Horse Collar
18:27 Gold Mining
18:28 Stone Mining
18:47 Champi Runner
21:46 Forging
21:40 Scale Mail Armor
25:48 Castle Age
24:08 Fletching
24:20 Padded Archer Armor
25:51 Champi Warrior
26:33 Squires
26:21 Arson
27:21 Iron Casting
30:00 Hand Cart
30:50 Chain Mail Armor
30:54 Leather Archer Armor
32:44 Andean Sling
34:12 Pikeman
37:03 Thumb Ring
37:55 Bodkin Arrow
Connection lost

Rejoining the realm…

Still unreachable

The connection could not be restored.

Session expired

The server has moved on; the page needs a fresh start.